 Dungeon Crawl Stone Soup version 0.31.0-1-g2c135a0 (webtiles) character file.

Game seed: 10358162656637679606

116780 jagoly the Severer (level 16, -2/101 HPs)
             Began as a Gargoyle Monk on Feb 2, 2024.
             Was the Champion of the Shining One.
             Slain by a radroach (27 damage)
             ... on level 2 of the Spider Nest.
             The game lasted 02:38:07 (11934 turns).

jagoly the Severer (Gargoyle Monk)                 Turns: 11934, Time: 02:38:08

Health: -2/101     AC: 23    Str: 22    XL:     16   Next: 45%
Magic:  23/23      EV: 18    Int: 12    God:    the Shining One [******]
Gold:   1668       SH: 14    Dex: 12    Spells: 15/15 levels left

rFire   + + .        a - +5 broad axe (freeze)
rCold   + . .        n - +2 kite shield
rNeg    + + +        s - +0 troll leather armour
rPois   ∞            q - +1 helmet
rElec   +            Q - scarf {rC+ rF+}
rCorr   .            p - +2 pair of gloves
SInv    .            O - +0 pair of boots
Will    +....        y - amulet of magic regeneration
Stlth   +            X - +5 ring of evasion
HPRegen 1.16/turn    V - ring of protection from fire
MPRegen 0.58/turn

%: no passive effects
@: flying, contaminated, glowing
A: sickness immunity, AC +12, big wings, negative energy resistance 1,
electricity resistance, torment resistance 1, petrification resistance
a: Renounce Religion, Divine Shield, Cleansing Flame, Summon Divine Warrior,
Brand Weapon With Holy Wrath


You were on level 2 of the Spider Nest.
You worshipped the Shining One.
The Shining One was exalted by your worship.
You visited 5 branches of the dungeon, and saw 25 of its levels.

You collected 1893 gold pieces.
You spent 225 gold pieces at shops.

Inventory:

Hand Weapons
 a - a +5 broad axe of freezing (weapon)
 b - a +2 trident of venom
 w - a +0 morningstar of venom
Missiles
 f - 6 throwing nets
 o - 18 boomerangs (quivered)
 P - 23 poisoned darts
Armour
 n - a +2 kite shield (worn)
 p - a +2 pair of gloves (worn)
 q - a +1 helmet (worn)
 s - a +0 troll leather armour (worn)
 x - a +8 chain mail of ponderousness
 O - a +0 pair of boots (worn)
 Q - a scarf of resistance (worn)
 S - a +2 plate armour of poison resistance
Jewellery
 e - a ring of resist corrosion
 y - an amulet of magic regeneration (around neck)
 V - a ring of protection from fire (right hand)
 X - a +5 ring of evasion (left hand)
Wands
 i - a wand of roots (12)
 z - a wand of flame (56)
 L - a wand of paralysis (9)
 Z - a wand of mindburst (7)
Scrolls
 g - 5 scrolls of revelation
 j - 2 scrolls of enchant armour
 k - 5 scrolls of vulnerability
 m - 12 scrolls of teleportation
 G - 2 scrolls of fear
 K - 4 scrolls of blinking
 N - 2 scrolls of fog
 T - 2 scrolls of immolation
 U - a scroll of poison {unknown}
 Y - a scroll of silence {unknown}
Potions
 c - a potion of ambrosia
 d - a potion of berserk rage {unknown}
 h - 2 potions of haste
 l - 2 potions of mutation
 B - 2 potions of might
 F - 2 potions of enlightenment {unknown}
 H - 2 potions of heal wounds
 J - 5 potions of curing
 M - 2 potions of cancellation
 R - a potion of magic {unknown}
 W - 2 potions of invisibility
Miscellaneous
 r - a lightning rod (4/4)
 t - a phantom mirror
 A - a sack of spiders (inert)
 I - a condenser vane


   Skills:
 - Level 12.0 Fighting
 - Level 18.0 Axes
 * Level 3.2 Throwing
 - Level 8.0 Armour
 - Level 6.0 Dodging
 - Level 12.0 Shields
 - Level 10.0 Invocations
 + Level 7.5 Evocations


You had 15 spell levels left.
You didn't know any spells.
Your spell library contained the following spells:

 Spells                   Type           Power      Damage    Failure   Level
 Foxfire                  Conj/Fire      0%         2x1d4     54%         1
 Mercury Vapours          Alch/Air       0%         N/A       67%         2
 Inner Flame              Hex/Fire       0%         N/A       88%         3
 Mephitic Cloud           Conj/Alch/Air  0%         N/A       88%         3
 Flame Wave               Conj/Fire      0%         2d4       99%         4
 Manifold Assault         Tloc           0%         N/A       99%         4
 Sticky Flame             Fire/Alch      0%         2d4       99%         4
 Freezing Cloud           Conj/Ice/Air   0%         6-21      100%        5
 Dispersal                Tloc           0%         N/A       100%        6
 Plasma Beam              Fire/Air       0%         2x1d10    100%        6
 Starburst                Conj/Fire      0%         6d3       100%        6
 Disjunction              Tloc           0%         N/A       100%        8


Dungeon Overview and Level Annotations

Branches:
Dungeon (15/15) Zot: 26549  Temple (1/1) D:4 Zot: 5976    Lair (5/5) D:10 Zot: 25783
 Spider (2/4) Lair:2 Zot: 11728   Slime (0/5) Lair:5          Orc (2/2) D:12 Zot: 10794
    Elf (0/3) Orc:2        Vaults (0/5) D:13
  Swamp: Lair:2-3    Shoals: Lair:2-3    Depths: D:15

Altars:
Ashenzari
Dithmenos
Fedhas
Gozag
Hepliaklqana
Kikubaaqudgha
Makhleb
Nemelex Xobeh
Okawaru
Qazlal
Ru
Sif Muna
Trog
Uskayaw
Vehumet
Wu Jian
Xom
Yredelemnul
Zin
The Shining One
Jiyva

Shops:
Orc:2 *=[(

Portals:
Trove: D:12 (give +2 gold dragon scales)

Annotations:
D:8 Amaemon


Innate Abilities, Weirdness & Mutations

You are immune to sickness and miasma.
Your stone body is resilient. (AC +12)
You are immune to poison.
Your large and strong wings let you fly.
You resist negative energy. (rN+)
You are resistant to electric shocks. (rElec)
You are resistant to unholy torment.
You are immune to petrification.


Message History

You kill the torpor snail!
The golden flame engulfs the tarantella!!!
You kill the tarantella!
You feel yourself speed up.
You hear a faint skittering sound.
The wolf spider misses you. You block the wolf spider's attack.
You block the steelbarb worm's attack. You block the wolf spider's attack.
The wolf spider bites you but does no damage.
The steelbarb worm closely misses you.
Cleave: a) +5 broad axe (freeze)
Press: ? - help, Dir - move target, f - steelbarb worm
Aim: a steelbarb worm (almost dead, haloed, about 8% to evade your +5 broad axe of freezing)
You slash the steelbarb worm! You freeze the steelbarb worm.
You kill the steelbarb worm!
You slash the wolf spider! You freeze the wolf spider.
You block the wolf spider's attack. x2
A jumping spider comes into view.
The wolf spider closely misses you. You block the wolf spider's attack.
Cleave: a) +5 broad axe (freeze)
Press: ? - help, Dir - move target, f - wolf spider
Aim: a wolf spider (severely wounded, haloed, about 15% to evade your +5 broad axe of freezing)
You slash the wolf spider! You freeze the wolf spider.
You kill the wolf spider!
Throw: 18 boomerangs
Press: ? - help, Q - select action, (/) - cycle Shift-Dir - straight line, f - jumping spider
Aim: a jumping spider (haloed, 73% to hit)
You throw a boomerang.
The boomerang hits the jumping spider but does no damage.
Throw: 18 boomerangs
Press: ? - help, Q - select action, (/) - cycle Shift-Dir - straight line, f/p - jumping spider
Aim: a jumping spider (haloed, 73% to hit)
You throw a boomerang.
The boomerang hits the jumping spider but does no damage.
The jumping spider leaps!
Okay, then.
You carefully extract the barbed spikes from your body.
Throw: 18 boomerangs
Press: ? - help, Q - select action, (/) - cycle Shift-Dir - straight line, f/p - jumping spider
Aim: a jumping spider (haloed, 73% to hit)
You throw a boomerang.
The boomerang hits the jumping spider but does no damage.
The jumping spider leaps!
A jumping spider comes into view.
Throw: 18 boomerangs
Press: ? - help, Q - select action, (/) - cycle Shift-Dir - straight line, f/p - jumping spider
Aim: a jumping spider (haloed, 73% to hit)
You throw a boomerang.
The jumping spider's many legs skitter faintly.
The boomerang hits the jumping spider.
The jumping spider is lightly wounded.
You block the jumping spider's attack. x2
You are too injured to fight recklessly!
Cleave: a) +5 broad axe (freeze)
Press: ? - help, Dir - move target, f/p - jumping spider
Aim: a jumping spider (lightly wounded, haloed, about 20% to evade your +5 broad axe of freezing)
You closely miss the jumping spider.
The jumping spider is lightly wounded.
The jumping spider closely misses you.
The jumping spider bites you but does no damage.
The jumping spider leaps!
Throw: 18 boomerangs
Press: ? - help, Q - select action, (/) - cycle Shift-Dir - straight line, f/p - jumping spider
Aim: a jumping spider (lightly wounded, haloed, 73% to hit)
You throw a boomerang. The boomerang hits the jumping spider.
The jumping spider is lightly wounded.
The jumping spider leaps!
Throw: 18 boomerangs
Press: ? - help, Q - select action, (/) - cycle Shift-Dir - straight line, f - jumping spider
Aim: a jumping spider (haloed, 73% to hit)
You throw a boomerang.
The boomerang barely misses the jumping spider.
You block the jumping spider's attack. x2
Cleave: a) +5 broad axe (freeze)
Press: ? - help, Dir - move target, f/p - jumping spider
Aim: a jumping spider (haloed, about 20% to evade your +5 broad axe of freezing)
You slice the jumping spider!! You freeze the jumping spider.
The jumping spider is severely wounded.
You block the jumping spider's attack. x2
Cleave: a) +5 broad axe (freeze)
Press: ? - help, Dir - move target, f/p - jumping spider
Aim: a jumping spider (severely wounded, haloed, about 20% to evade your +5 broad axe of freezing)
You slice the jumping spider!! You freeze the jumping spider.
You kill the jumping spider!
Your Evocations skill increases to level 7!
Throw: 18 boomerangs
Press: ? - help, Q - select action, (/) - cycle Shift-Dir - straight line, f - jumping spider
Aim: a jumping spider (lightly wounded, haloed, 73% to hit)
You throw a boomerang. The boomerang hits the jumping spider!
The jumping spider is heavily wounded.
Throw: 18 boomerangs
Press: ? - help, Q - select action, (/) - cycle Shift-Dir - straight line, f/p - jumping spider
Aim: a jumping spider (heavily wounded, haloed, 73% to hit)
You throw a boomerang.
The boomerang closely misses the jumping spider.
You block the jumping spider's attack.
The jumping spider completely misses you.
Unknown command.
Cleave: a) +5 broad axe (freeze)
Press: ? - help, Dir - move target, f/p - jumping spider
Aim: a jumping spider (moderately wounded, haloed, about 20% to evade your +5 broad axe of freezing)
You barely miss the jumping spider.
The jumping spider is moderately wounded.
The jumping spider misses you.
You block the jumping spider's attack. x2
The jumping spider bites you.
* * * LOW HITPOINT WARNING * * *
Cleave: a) +5 broad axe (freeze)
Press: ? - help, Dir - move target, f/p - jumping spider
Aim: a jumping spider (moderately wounded, haloed, about 20% to evade your +5 broad axe of freezing)
You slash the jumping spider! You freeze the jumping spider.
The jumping spider is severely wounded.
You block the jumping spider's attack. x2
Cleave: a) +5 broad axe (freeze)
Press: ? - help, Dir - move target, f/p - jumping spider
Aim: a jumping spider (severely wounded, haloed, about 20% to evade your +5 broad axe of freezing)
You hit the jumping spider but do no damage.
The jumping spider is severely wounded.
You block the jumping spider's attack. x2
Cleave: a) +5 broad axe (freeze)
Press: ? - help, Dir - move target, f/p - jumping spider
Aim: a jumping spider (severely wounded, haloed, about 20% to evade your +5 broad axe of freezing)
You carve the jumping spider like a ham!!!
You freeze the jumping spider.
You kill the jumping spider!
You fly downwards.
Level annotation: Arachne Arachne shouts!
The jumping spider leaps!
You block the jumping spider's attack. x2
The jumping spider leaps!
You block the redback's attack.
The jumping spider leaps!
The jumping spider pounces on you but does no damage.
The jumping spider bites you but does no damage.
The redback closely misses you. The culicivora closely misses you.
There is a stone staircase leading up here.
Press: ? - help, v - describe, . - travel
Here: Arachne, wielding a staff of alchemy (haloed)
The floor.
Unknown command.
You block the jumping spider's attack. x2; The jumping spider leaps!
You block the culicivora's attack.
Arachne casts a spell.
Arachne blinks!
The redback closely misses you. The jumping spider pounces on you.
* * * LOW HITPOINT WARNING * * *
The jumping spider barely misses you. The culicivora barely misses you.
The redback completely misses you.
Arachne mumbles some strange words.
Arachne blinks!
The culicivora completely misses you.
You fly upwards.
There is a stone staircase leading down here.
You slash the culicivora! You freeze the culicivora.
The culicivora is heavily wounded.
You hit the jumping spider. You freeze the jumping spider. You hit the redback.
You freeze the redback. You block the jumping spider's attack.
The jumping spider misses you. You block the culicivora's attack.
You block the redback's attack.
You hit the culicivora. You freeze the culicivora.
The culicivora is heavily wounded.
You slice the jumping spider!! You freeze the jumping spider!
You kill the jumping spider!
You slice the redback!! You freeze the redback.
You kill the redback!
You block the culicivora's attack.
You slice the culicivora!! You freeze the culicivora.
You kill the culicivora!
The Shining One accepts your kill.
Things that are here:
a jumping spider corpse; a wolf spider corpse
There is a stone staircase leading down here.
You see here a tarantella corpse.
Your divine shield fades away.
You now have 1668 gold pieces (gained 20).
You see here a tarantella corpse.
There is a stone staircase leading down here.
You fly downwards.
Level annotation: Arachne The jumping spider misses you.
The jumping spider bites you but does no damage.
The jumping spider barely misses you. The jumping spider misses you.
The orb spider spins a strand of pure energy.
The jumping spider leaps!
There is a stone staircase leading up here.
The jumping spider barely misses you. You block the jumping spider's attack.
Arachne points her staff at you, shooting a stream of webbing.
The stream of webbing misses you. The culicivora bites you!
The jumping spider pounces on you but does no damage.
You block the jumping spider's attack. The jumping spider misses you.
The jumping spider bites you.
* * * LOW HITPOINT WARNING * * *
You block the jumping spider's attack.
The jumping spider completely misses you.
The culicivora closely misses you.
You fly upwards.
The orb spider's many legs skitter faintly.
There is a stone staircase leading down here.
You slice the culicivora!! You freeze the culicivora!
You kill the culicivora!
The Shining One accepts your kill.
You feel better.
You hit the jumping spider but do no damage.
You hit the jumping spider. You freeze the jumping spider.
The jumping spider closely misses you. You block the jumping spider's attack.
The jumping spider closely misses you. You block the jumping spider's attack.
Your shield is strengthened by the Shining One's divine power.
The jumping spider pounces on you but does no damage.
You block the jumping spider's attack. x3
You slash the jumping spider! You freeze the jumping spider.
The jumping spider is heavily wounded.
You hit the jumping spider but do no damage.
You block the jumping spider's attack. x3
The jumping spider barely misses you.
You closely miss the jumping spider.
The jumping spider is heavily wounded.
You slash the jumping spider! You freeze the jumping spider.
The jumping spider leaps!
The jumping spider pounces on you but does no damage.
You block the jumping spider's attack.
The orb spider begins to weave its threads into a brightly glowing ball.
You slash the jumping spider! You freeze the jumping spider.
You kill the jumping spider!
The jumping spider leaps!
Things that are here:
a steelbarb worm corpse; a wolf spider corpse
Found a stone staircase leading down.
The orb spider weaves a glowing orb of energy.
An orb of destruction comes into view.
You slash the orb spider! You freeze the orb spider.
The orb spider is moderately wounded.
The orb spider pulsates with a strange energy.
The jumping spider leaps!
You hit the orb spider. You freeze the orb spider.
The orb spider is heavily wounded.
The jumping spider leaps!
You slice the orb spider!! You freeze the orb spider.
You kill the orb spider!
Throw: 18 boomerangs
Press: ? - help, Q - select action, (/) - cycle Shift-Dir - straight line, f - jumping spider
Aim: a jumping spider (heavily wounded, haloed, 73% to hit)
You throw a boomerang. The boomerang hits the jumping spider!
The jumping spider is severely wounded.
The jumping spider leaps!
Throw: 18 boomerangs
Press: ? - help, Q - select action, (/) - cycle Shift-Dir - straight line, f/p - jumping spider
Aim: a jumping spider (severely wounded, haloed, 73% to hit)
You throw a boomerang.
The boomerang barely misses the jumping spider.
The jumping spider leaps!
Throw: 18 boomerangs
Press: ? - help, Q - select action, (/) - cycle Shift-Dir - straight line, f/p - jumping spider
Aim: a jumping spider (severely wounded, haloed, 73% to hit)
You throw a boomerang.
The boomerang hits the jumping spider but does no damage.
The jumping spider is severely wounded.
The jumping spider leaps!
Throw: 18 boomerangs
Press: ? - help, Q - select action, (/) - cycle Shift-Dir - straight line, f/p - jumping spider
Aim: a jumping spider (severely wounded, haloed, 73% to hit)
You throw a boomerang. The boomerang hits the jumping spider.
The jumping spider is almost dead.
The jumping spider leaps!
Throw: 18 boomerangs
Press: ? - help, Q - select action, (/) - cycle Shift-Dir - straight line, f/p - jumping spider
Aim: a jumping spider (almost dead, haloed, 73% to hit)
You throw a boomerang. The boomerang hits the jumping spider.
The jumping spider is almost dead.
Throw: 18 boomerangs
Press: ? - help, Q - select action, (/) - cycle Shift-Dir - straight line, f/p - jumping spider
Aim: a jumping spider (almost dead, haloed, 73% to hit)
You throw a boomerang. The boomerang hits the jumping spider.
The jumping spider is almost dead.
The jumping spider leaps!
You hit the jumping spider but do no damage.
The jumping spider is almost dead.
The jumping spider leaps!
The jumping spider leaps!
You block the jumping spider's attack.
The jumping spider bites you but does no damage.
You hit the jumping spider. You freeze the jumping spider.
You kill the jumping spider!
You see here a jumping spider corpse.
Things that are here:
a steelbarb worm corpse; a wolf spider corpse
There is a stone staircase leading down here.
You fly downwards.
Level annotation: Arachne The orb spider weaves a glowing orb of energy.
An orb of destruction comes into view.
There is a stone staircase leading up here.
HP restored.
Arachne stares at you and mumbles some strange words.
The poison arrow misses you.
The orb spider begins to weave its threads into a brightly glowing ball.
The orb of destruction hits you!!!
You fly upwards.
There is a stone staircase leading down here.
Okay, then.
Aiming: Corrosive Bolt
Press: ? - help, Shift-Dir - straight line, f - Arachne
Aim: Arachne, wielding a staff of alchemy (haloed, 82% to hit)
The bolt of acid hits Arachne!!
The acid corrodes Arachne!
Arachne is lightly wounded.
The now-empty wand crumbles to dust.
Arachne's staff shoots out a stream of webbing.
The stream of webbing hits you but does no damage.
You are caught in a web!
Arachne casts a spell at you.
The bolt of poison hits you but does no damage.
You resist.
Okay, then.
You reach into the sack... ...and things crawl out!
The sack is emptied!
Arachne hits you but does no damage.
You cannot attack while caught in a web.
Unknown command.
Arachne hits you with a staff of alchemy.
You block Arachne's attack.
You slash Arachne! You freeze Arachne!
Arachne is moderately wounded.
Your redback bites Arachne!
Arachne hits you with a staff of alchemy.
You slice Arachne!! You freeze Arachne!
Arachne is moderately wounded.
Your redback closely misses Arachne.
Arachne points her staff at you, shooting a stream of webbing.
The stream of webbing misses you.
You slice Arachne!! You freeze Arachne.
Arachne is heavily wounded.
Your tarantella touches Arachne!
Your redback barely misses Arachne.
You block Arachne's attack.
Your tarantella touches Arachne!
Your redback barely misses Arachne.
You slash Arachne! You freeze Arachne.
Arachne is severely wounded.
Arachne points her staff at you, shooting a stream of webbing.
The stream of webbing misses you.
Your redback bites Arachne!
Your tarantella barely misses Arachne.
You slash Arachne! You freeze Arachne.
Arachne is severely wounded.
Arachne hits you with a staff of alchemy!
* * * LOW HITPOINT WARNING * * *
Your redback bites Arachne!
Your tarantella touches Arachne.
Arachne is afflicted by dizzying energies!
Arachne appears confused.
You slash Arachne! You freeze Arachne.
Arachne is almost dead.
Arachne is no longer covered in acid.
You block Arachne's attack.
Your tarantella touches Arachne!
You slice Arachne!! You freeze Arachne.
You kill Arachne!
There is a stone staircase leading down here.
You fly downwards.
Your summoned allies are left behind.
There is a stone staircase leading up here.
The orb spider weaves a glowing orb of energy.
The wavering orb of destruction weakly hits you!
You slash the orb spider! You freeze the orb spider.
The orb spider is heavily wounded.
You slice the orb spider!! You freeze the orb spider!
You kill the orb spider!
Your divine shield fades away.
A redback comes into view.
A radroach comes into view.
You hit the redback. You freeze the redback.
The redback is lightly wounded.
You block the redback's attack. x2
You slash the redback! You freeze the redback.
You kill the redback!
You hit the radroach but do no damage. The radroach completely misses you.
The radroach barely misses you.
You hit the radroach. You freeze the radroach.
The radroach is lightly wounded.
The radroach erupts in a fountain of uncontrolled magic!
You are blasted with magical radiation!!
* * * LOW HITPOINT WARNING * * *
You are very lightly contaminated with residual magic.
You are too injured to fight recklessly!
Cleave: a) +5 broad axe (freeze)
Press: ? - help, Dir - move target, f - radroach
Aim: a radroach (lightly wounded, haloed, about 3% to evade your +5 broad axe of freezing)
You slash the radroach! You freeze the radroach.
The radroach is moderately wounded.
You block the radroach's attack. x2
Cleave: a) +5 broad axe (freeze)
Press: ? - help, Dir - move target, f/p - radroach
Aim: a radroach (moderately wounded, haloed, about 3% to evade your +5 broad axe of freezing)
You slash the radroach! You freeze the radroach.
The radroach is heavily wounded.
The radroach completely misses you.
The radroach claws you but does no damage.
Cleave: a) +5 broad axe (freeze)
Press: ? - help, Dir - move target, f/p - radroach
Aim: a radroach (moderately wounded, haloed, about 3% to evade your +5 broad axe of freezing)
You hit the radroach but do no damage.
The radroach is moderately wounded.
Cleave: a) +5 broad axe (freeze)
Press: ? - help, Dir - move target, f/p - radroach
Aim: a radroach (moderately wounded, haloed, about 3% to evade your +5 broad axe of freezing)
You hit the radroach but do no damage.
The radroach is moderately wounded.
The radroach bites you but does no damage.
The radroach closely misses you.
Cleave: a) +5 broad axe (freeze)
Press: ? - help, Dir - move target, f/p - radroach
Aim: a radroach (moderately wounded, haloed, about 3% to evade your +5 broad axe of freezing)
You slice the radroach!! You freeze the radroach!
The radroach is almost dead.
You block the radroach's attack. The radroach claws you.
* * * LOW HITPOINT WARNING * * *
Cleave: a) +5 broad axe (freeze)
Press: ? - help, Dir - move target, f/p - radroach
Aim: a radroach (almost dead, haloed, about 3% to evade your +5 broad axe of freezing)
You slash the radroach! You freeze the radroach.
You kill the radroach!
Your Throwing skill increases to level 3!
A radroach and a culicivora come into view.
The culicivora's many legs skitter faintly.
A jumping spider comes into view.
An orb spider comes into view.
The jumping spider moves out of view.
The orb spider's many legs skitter faintly.
The jumping spider's many legs skitter faintly.
The jumping spider leaps! x2
The orb spider begins to weave its threads into a brightly glowing ball.
The jumping spider leaps!
The jumping spider leaps!
The jumping spider pounces on you!
You are caught in a web!
The jumping spider bites you but does no damage.
There is a web here.
You struggle to detach yourself from the web.
The jumping spider barely misses you.
The jumping spider completely misses you.
The web tears apart.
You block the jumping spider's attack.
The jumping spider bites you but does no damage.
The jumping spider pounces on you but does no damage.
The jumping spider bites you but does no damage.
You slash the culicivora! You freeze the culicivora.
The culicivora is moderately wounded.
You hit the jumping spider. You freeze the jumping spider.
The jumping spider barely misses you. You block the jumping spider's attack.
You block the culicivora's attack.
You slice the culicivora!! You freeze the culicivora.
You kill the culicivora!
The Shining One accepts your kill.
You slash the jumping spider! You freeze the jumping spider.
The jumping spider pounces on you but does no damage.
You block the jumping spider's attack.
You slice the jumping spider!! You freeze the jumping spider.
You kill the jumping spider!
The orb spider weaves a glowing orb of energy.
The wavering orb of destruction weakly hits you!
You hit the orb spider. You freeze the orb spider.
The orb spider is lightly wounded.
You hit the radroach. You freeze the radroach.
The radroach erupts in a fountain of uncontrolled magic!
You are blasted with magical radiation!!!
* * * LOW HITPOINT WARNING * * *
You are lightly contaminated with residual magic.
Press: ? - help, v - describe, . - travel
Here: a radroach (lightly wounded, haloed)
The floor.
You feel much better.
The orb spider spins a strand of pure energy.
The radroach closely misses you. The radroach claws you.
* * * LOW HITPOINT WARNING * * *
You slice the orb spider!! You freeze the orb spider!
The orb spider is severely wounded.
You hit the radroach but do no damage. You block the radroach's attack. x2
You slice the orb spider!! You freeze the orb spider.
You kill the orb spider!
You slash the radroach! You freeze the radroach.
The radroach erupts in a fountain of uncontrolled magic!
You are blasted with magical radiation!!
* * * LOW HITPOINT WARNING * * *
You are contaminated with residual magic.
You feel much better.
The radroach erupts in a fountain of uncontrolled magic!
You are blasted with magical radiation!
* * * LOW HITPOINT WARNING * * *
Okay, then.
Okay, then.
Cleave: a) +5 broad axe (freeze)
Press: ? - help, Dir - move target, f - radroach
Aim: a radroach (moderately wounded, haloed, about 3% to evade your +5 broad axe of freezing)
You hit the radroach but do no damage.
The radroach is moderately wounded.
The radroach erupts in a fountain of uncontrolled magic!
You are blasted with magical radiation!!!
The Shining One protects you from harm!
Cleave: a) +5 broad axe (freeze)
Press: ? - help, Dir - move target, f/p - radroach
Aim: a radroach (moderately wounded, haloed, about 3% to evade your +5 broad axe of freezing)
You hit the radroach but do no damage.
The radroach is moderately wounded.
Cleave: a) +5 broad axe (freeze)
Press: ? - help, Dir - move target, f/p - radroach
Aim: a radroach (moderately wounded, haloed, about 3% to evade your +5 broad axe of freezing)
You slice the radroach!! You freeze the radroach!
The radroach is severely wounded.
The radroach bites you!
* * * LOW HITPOINT WARNING * * *
The radroach claws you.
* * * LOW HITPOINT WARNING * * *
You feel much better.
The radroach erupts in a fountain of uncontrolled magic!
You are blasted with magical radiation!!
You die...

#... ...#.......
.#..# ..........
.....##....#...###
........^.......^#
#.#....#....#^...#
..........#^.#...#
.#..............#
....#..#.....#.#
#.. ##...^..B@.# #
##.......###
##........###
###....##...#^#
#........#....##
#..#......†.....#
.......#.#......##
.....#...^#.....##
..#...........#..#


You could see a radroach.

Vanquished Creatures
  Arachne (Spider:1)
  3 orc warlords
  Azrael (D:14)
  Josephine (Lair:5)
  The ghost of Ariptu the Basher, a journeyman MiFi of Okawaru (D:11)
  Harold (D:10)
  9 hydras
  An ogre mage (Orc:2)
  12 two-headed ogres
  6 centaur warriors
  A radroach (Spider:2)
  A boulder beetle (D:14)
  A demonic crawler (Spider:1)
  An orc high priest (Orc:2)
  2 skysharks (Lair:5)
  5 skeletal warriors (D:15)
  6 orb spiders
  A spriggan druid (Lair:2)
  A spectral wolf spider (D:11)
  A lindwurm (Lair:2)
  A steelbarb worm (Spider:1)
  3 deep elf pyromancers
  3 orc sorcerers (Orc:2)
  6 ugly things
  5 orc knights
  3 cyclopes
  5 wolf spiders (Spider:1)
  A manticore (D:14)
  A meliai (D:10)
  3 black mambas
  20 elephants
  11 cane toads
  3 gargoyles
  A torpor snail (Spider:1)
  A cane toad (shapeshifter) (D:14)
  2 unseen horrors
  A rime drake (Lair:3)
  2 kobold demonologists (D:10)
  8 komodo dragons
  7 trolls
  5 tarantellas (Spider:1)
  5 polar bears (Lair:5)
  10 hornets
  6 dream sheep (Lair:3)
  7 blink frogs (Lair:5)
  Grinder (D:3)
  9 slime creatures
  Sigmund (D:3)
  3 centaur simulacra
  7 wraiths
  7 jumping spiders
  4 culicivoras
  A shadow (D:10)
  4 wyverns
  3 vampires
  14 spriggans (Lair:5)
  3 redbacks
  49 yaks
  2 fire elementals (D:14)
  16 humans (D:13)
  A steam dragon (D:6)
  3 wargs
  A yak (shapeshifter) (D:10)
  4 vampire mosquitoes
  2 basilisks
  The ghost of Vixxxy the Shooter, an amateur OpHu (D:4)
  11 water moccasins
  5 acid dragons
  5 hell hounds
  5 black bears
  3 ice beasts
  A laughing skull (D:13)
  34 orc warriors
  A sky beast (D:7)
  37 wolves
  The ghost of Biscolet the Ducker, an amateur DsGl of Makhleb (D:3)
  5 ogres
  3 boggarts (Lair:5)
  5 centaurs
  2 kobold brigands
  13 bullfrogs
  A gnoll sergeant (D:10)
  2 scorpions
  8 wights
  14 killer bees
  An electric eel (Lair:5)
  2 howler monkeys
  3 bombardier beetles
  A spectral boggart (D:11)
  2 hounds (D:6)
  3 jellies
  17 orc priests
  A sleepcap (D:3)
  4 iguanas
  28 orc wizards
  Robin (D:2)
  7 adders
  11 gnolls
  2 shadow imps
  3 white imps
  6 ufetubi
  2 dart slugs
  80 orcs
  5 ball pythons
  7 endoplasms
  3 giant cockroaches (D:4)
  14 goblins
  8 hobgoblins
  3 quokkas
  2 bats (D:2)
  3 frilled lizards (D:3)
  12 kobolds
  4 rats
703 creatures vanquished.

Vanquished Creatures (collateral kills)
  Jorgrun (Orc:2)
  Agnes (D:14)
  Nessos (D:14)
  A spriggan (Lair:5)
  2 orc warriors (Orc:2)
  An orc priest (Orc:2)
  An orc (Orc:2)
8 creatures vanquished.

Vanquished Creatures (others)
  A radroach (Spider:1)
  A vampire mosquito (D:12)
2 creatures vanquished.

Grand Total: 713 creatures vanquished

Notes
Turn   | Place    | Note
-------+----------+-------------------------------------------
     0 | D:1      | jagoly the Gargoyle Monk began the quest for the Orb.
     0 | D:1      | Reached XP level 1. HP: 14/14 MP: 1/1
    64 | D:1      | Found a faded altar of an unknown god.
   217 | D:2      | Reached XP level 2. HP: 18/19 MP: 2/2
   272 | D:2      | Reached skill level 3 in Axes
   421 | D:2      | Reached skill level 1 in Armour
   484 | D:2      | Reached XP level 3. HP: 23/23 MP: 3/3
   487 | D:2      | Noticed Robin
   505 | D:2      | Killed Robin
   562 | D:2      | Reached XP level 4. HP: 29/29 MP: 4/4
   839 | D:3      | Found a runed translucent gate.
   839 | D:3      | Found a runed translucent gate.
   839 | D:3      | Found a runed translucent gate.
   853 | D:3      | Noticed Biscolet's ghost (amateur DsGl)
   946 | D:3      | Noticed Sigmund
   959 | D:3      | Killed Sigmund
   960 | D:3      | Reached skill level 4 in Axes
   960 | D:3      | Reached XP level 5. HP: 18/34 MP: 5/5
   960 | D:3      | Reached XP level 6. HP: 21/39 MP: 6/6
  1305 | D:3      | Killed Biscolet's ghost
  1306 | D:3      | Reached skill level 5 in Axes
  1342 | D:3      | Noticed Grinder
  1355 | D:3      | Paralysed by Grinder for 3 turns
  1363 | D:3      | Paralysed by Grinder for 2 turns
  1366 | D:3      | Killed Grinder
  1367 | D:3      | Reached skill level 5 in Fighting
  1367 | D:3      | Reached XP level 7. HP: 42/44 MP: 7/7
  1437 | D:4      | Found a staircase to the Ecumenical Temple.
  1447 | Temple   | Entered the Ecumenical Temple
  1458 | Temple   | Became a worshipper of the Shining One
  1458 | Temple   | Reached * piety under the Shining One
  1458 | Temple   | Reached ** piety under the Shining One
  1480 | D:4      | Found a runed translucent door.
  1515 | D:4      | Noticed Vixxxy's ghost (amateur OpHu)
  1704 | D:5      | Entered Level 5 of the Dungeon
  1756 | D:4      | Reached skill level 6 in Axes
  1835 | D:5      | Reached XP level 8. HP: 51/51 MP: 8/8
  2196 | D:4      | Killed Vixxxy's ghost
  2197 | D:4      | Reached skill level 5 in Armour
  2274 | D:5      | Reached skill level 7 in Axes
  2493 | D:6      | Reached XP level 9. HP: 27/56 MP: 9/9
  2793 | D:7      | Identified the +0 robe of Noon {Rampage Will+}
  2883 | D:7      | Reached skill level 8 in Axes
  2907 | D:7      | Reached skill level 9 in Axes
  2912 | D:7      | Reached *** piety under the Shining One
  3121 | D:7      | Reached skill level 10 in Axes
  3121 | D:7      | Reached XP level 10. HP: 56/64 MP: 10/10
  3201 | D:9      | Noticed a two-headed ogre
  3372 | D:8      | Noticed Amaemon
  3501 | D:8      | Noticed a two-headed ogre
  3510 | D:8      | Killed a two-headed ogre
  3511 | D:8      | Reached skill level 11 in Axes
  3678 | D:8      | Paralysed by Amaemon for 4 turns
  3751 | D:9      | Killed a two-headed ogre
  3752 | D:9      | Reached skill level 12 in Axes
  3770 | D:10     | Entered Level 10 of the Dungeon
  3774 | D:10     | Noticed a two-headed ogre
  3827 | D:9      | Identified the +1 quarterstaff of the Pits of Slime {elec,
                  | ^Fragile rF+ rC++ Dex+3}
  3906 | D:9      | Noticed a two-headed ogre
  4127 | D:9      | Reached **** piety under the Shining One
  4550 | D:10     | Killed a two-headed ogre
  4551 | D:10     | Reached XP level 11. HP: 43/68 MP: 11/11
  4678 | D:10     | Reached skill level 5 in Shields
  4724 | D:10     | Noticed Harold
  4728 | D:10     | Noticed a cyclops
  4739 | D:10     | Killed Harold
  4740 | D:10     | Killed a cyclops
  4745 | D:10     | Noticed a cyclops
  4754 | D:10     | Killed a cyclops
  4862 | D:10     | Found a staircase to the Lair.
  5014 | D:10     | Noticed a five-headed hydra
  5015 | D:10     | Found a shimmering altar of Xom.
  5027 | D:10     | Killed a five-headed hydra
  5085 | D:11     | Noticed a two-headed ogre
  5096 | D:11     | Killed a two-headed ogre
  5176 | D:11     | Reached skill level 10 in Shields
  5208 | D:11     | Found a runed translucent gate.
  5208 | D:11     | Found a runed translucent gate.
  5208 | D:11     | Found a runed translucent gate.
  5208 | D:11     | Noticed Ariptu's ghost (journeyman MiFi)
  5294 | D:11     | Reached skill level 1 in Invocations
  5307 | D:11     | Reached skill level 1 in Evocations
  5508 | D:11     | Noticed a five-headed hydra
  5517 | D:11     | Killed a five-headed hydra
  5518 | D:11     | Reached XP level 12. HP: 29/73 MP: 13/13
  5539 | D:11     | Identified the +2 ring mail "Feptits" {*Slow rElec rPois
                  | Int+4}
  5589 | D:10     | Found a glowing golden altar of the Shining One.
  5773 | D:12     | Reached ***** piety under the Shining One
  5811 | D:12     | Noticed a two-headed ogre
  5824 | D:12     | Killed a two-headed ogre
  5825 | D:12     | Reached skill level 13 in Axes
  5899 | D:12     | Reached skill level 1 in Throwing
  6034 | D:11     | Found a broken altar of Ashenzari.
  6168 | D:12     | Found a staircase to the Orcish Mines.
  6173 | D:12     | Found a portal to a secret trove of treasure.
  6397 | Lair:1   | Entered Level 1 of the Lair of Beasts
  6702 | Lair:3   | Reached XP level 13. HP: 60/80 MP: 14/14
  7062 | Lair:3   | Reached skill level 14 in Axes
  7086 | Lair:3   | Reached skill level 5 in Dodging
  7285 | Lair:2   | Reached skill level 10 in Fighting
  7475 | Lair:2   | Found a hole to the Spider Nest.
  8002 | Lair:5   | Entered Level 5 of the Lair of Beasts
  8121 | Lair:5   | Gained mutation: Your large and strong wings let you fly.
                  | [Gargoyle growth]
  8121 | Lair:5   | Reached XP level 14. HP: 88/88 MP: 15/15
  8172 | Lair:5   | Reached skill level 15 in Axes
  8306 | Lair:5   | Noticed Josephine
  8322 | Lair:5   | Killed Josephine
  8581 | Lair:5   | Reached ****** piety under the Shining One
  8786 | Lair:5   | Got an earthy gem with 1375 turns to spare
  8907 | Lair:5   | Reached skill level 5 in Invocations
  9035 | Lair:5   | Found a staircase to the Slime Pits.
  9036 | Lair:5   | Found a viscous altar of Jiyva.
  9259 | D:11     | Killed Ariptu's ghost
  9362 | Orc:1    | Entered Level 1 of the Orcish Mines
  9459 | Orc:2    | Entered Level 2 of the Orcish Mines
  9551 | Orc:2    | Noticed Jorgrun
  9559 | Orc:2    | Killed Jorgrun
  9560 | Orc:2    | Reached XP level 15. HP: 54/96 MP: 13/21
  9748 | Orc:1    | Noticed an orc warlord
  9796 | Orc:1    | Killed an orc warlord
  9797 | Orc:1    | Reached skill level 16 in Axes
 10008 | Orc:2    | Noticed an orc warlord
 10016 | Orc:2    | Killed an orc warlord
 10022 | Orc:2    | Reached skill level 10 in Invocations
 10168 | Orc:2    | Found a staircase to the Elven Halls.
 10174 | Orc:2    | Noticed an orc warlord
 10235 | Orc:2    | Killed an orc warlord
 10268 | Orc:2    | Found an iron altar of Okawaru.
 10457 | Orc:2    | Found Zixoreat's Antique Weapon Emporium.
 10472 | Orc:2    | Found Vojuz's Antique Armour Emporium.
 10488 | Orc:2    | Found Citzut's General Store.
 10505 | Orc:2    | Found Ygi Kurch's Jewellery Emporium.
 10529 | Orc:2    | Bought 2 potions of heal wounds for 110 gold pieces
 10529 | Orc:2    | Bought a scroll of teleportation for 33 gold pieces
 10529 | Orc:2    | Bought a scroll of revelation for 82 gold pieces
 10643 | D:13     | Found a gate to the Vaults.
 10714 | D:14     | Noticed Nessos
 10714 | D:14     | Noticed Azrael
 10739 | D:14     | Killed Nessos
 10743 | D:13     | Reached skill level 17 in Axes
 10907 | D:14     | Killed Azrael
 11025 | D:14     | Identified the +3 spear of Poiplor {pain, ^Contam Str+3
                  | SInv}
 11122 | D:15     | Entered Level 15 of the Dungeon
 11148 | D:14     | Noticed Agnes
 11157 | D:14     | Killed Agnes
 11212 | D:14     | Reached XP level 16. HP: 88/101 MP: 23/23
 11326 | D:15     | Reached skill level 18 in Axes
 11469 | D:13     | Reached skill level 5 in Evocations
 11652 | Spider:1 | Entered Level 1 of the Spider Nest
 11768 | Spider:2 | Noticed Arachne
 11868 | Spider:1 | Killed Arachne
 11931 | Spider:2 | The Shining One protects you from harm!
 11933 | Spider:2 | HP: 2/101 [radroach (5)]
 11934 | Spider:2 | Slain by a radroach

Illustrated notes

Levels and vault maps discovered:
D:1:      wander_arrival_abandoned_jail, layout_basic,
          ebering_ecumenical_altar_rust, roderic_roman_lattice,
          nicolae_the_louvre
D:2:      layout_loops_ring, uniq_robin
D:3:      layout_loops_ring, ebering_ghost_rock_garden, hex_tiny,
          chequers_avenue, minivault_19, hellmonk_no_cap, uniq_grinder,
          uniq_sigmund
D:4:      cheibrodos_pilgrimage, layout_basic,
          minmay_temple_entry_statues_pillars, ebering_ghost_sewer_d
D:5:      layout_cave_pools
D:6:      layout_loops_corners
D:7:      layout_basic
D:8:      layout_rooms, uniq_amaemon
D:9:      layout_gridville, uniq_joseph
D:10:     minmay_slanted_spiral_squares, layout_layer_cave,
          chequers_temple_overflow_minitemple, david_lair_generic,
          hangedman_feature_mirror, uniq_harold
D:11:     layout_basic, gammafunk_ghost_necromancy, nicolae_ashenzari_panopticon
D:12:     nicolae_hitomezashi [nicolae_hito_row, nicolae_hito_row,
          nicolae_hito_row, nicolae_hito_row, nicolae_hito_row,
          nicolae_hito_row, nicolae_hito_row, nicolae_hito_row,
          nicolae_hito_row, nicolae_hito_row, nicolae_hito_row,
          nicolae_hito_row, nicolae_hito_row, nicolae_hito_row,
          nicolae_hito_row, nicolae_hito_row, nicolae_hito_row,
          nicolae_hito_row], layout_small_grid, orc_0_dummy, enter_trove_1
D:13:     layout_small_grid, david_vaults_3, serial_ice, serial_ice_g,
          serial_ice_o, serial_ice_n, serial_ice_c, serial_ice_f, serial_ice_h,
          pond
D:14:     layout_layer_cave, minmay_misc_feat_alley, uniq_agnes, uniq_nessos,
          uniq_azrael
D:15:     hellmonk_depths_entry_around_the_bend, layout_long_grid,
          nicolae_ru_sacrificial_ziggurat, makhleb_altar_promises_db
Temple:   nicolae_temple_bog_church
Lair:1:   layout_cave_pods
Lair:2:   layout_hall_layers, mainiacjoe_swamp_entry_angry_trees,
          nicolae_spider_entry_orb_guardian, nicolae_quartered_pool_impasse,
          minmay_lindwurm_lava
Lair:3:   layout_misc_corridors, grunt_megastairs_3
Lair:4:   layout_long_grid, minivault_19, lemuel_fruit_tree,
          infiniplex_staircase_pool_2
Lair:5:   minmay_lair_end_enchanted_forest, layout_hall_layers,
          minmay_slime_entry_pillars, serial_bayou_pond_b,
          chequers_serial_rivers_micro_b, grunt_megastairs_5,
          serial_bayou_shore_b, infiniplex_staircase_pool, serial_bayou_shore_b,
          uniq_josephine
Spider:1: layout_spider_delve, nicolae_spider_circle_web
Spider:2: layout_spider_delve, uniq_arachne
Orc:1:    layout_diamond_mine, minmay_orc_barracks
Orc:2:    grunt_orc_cross, layout_caves, basic_altar, okawaru_metal_pillars_1_2,
          uniq_jorgrun

Skill      XL: |  1  2  3  4  5  6  7  8  9 10 11 12 13 14 15 16 |
---------------+-------------------------------------------------+-----
Axes           | 3 4 5 6 7 10 12 13 14 15 17 18 | 18.0
Armour         | 1 2 3 4 5 6 7 8 |  8.0
Fighting       | 4 5 6 8 9 10 12 | 12.0
Dodging        | 3 4 6 |  6.0
Shields        | 3 10 11 12 | 12.0
Invocations    | 2 8 10 | 10.0
Evocations     | 2 4 7 |  7.5
Throwing       | 2 3 |  3.2

Action                     |  1- 3 |  4- 6 |  7- 9 | 10-12 | 13-15 | 16-18 || total
---------------------------+-------+-------+-------+-------+-------+-------++-------
  Melee: Hand axe          |     7 |       |       |       |       |       ||     7
         Whip              |    60 |    97 |   239 |       |       |       ||   396
         Flail             |       |       |    57 |    67 |    29 |       ||   153
         Broad axe         |       |       |       |   420 |  1215 |   147 ||  1782
         Morningstar       |       |       |       |       |     8 |    10 ||    18
   Fire: Sling             |     3 |    28 |    47 |    62 |       |       ||   140
  Throw: Stone             |       |       |     2 |     6 |    52 |       ||    60
         Dart              |       |       |       |    15 |    12 |       ||    27
         Boomerang         |       |       |       |     7 |     9 |    18 ||    34
         Throwing net      |       |       |       |     1 |       |       ||     1
 Invoke: Divine Shield     |       |       |     1 |     3 |    14 |     5 ||    23
         Summon Divine War |       |       |       |       |     2 |       ||     2
         Cleansing Flame   |       |       |       |       |     4 |     2 ||     6
  Evoke: Wand              |       |       |       |    16 |    11 |     1 ||    28
         Phantom mirror    |       |       |       |       |     1 |       ||     1
         Condenser vane    |       |       |       |       |     2 |       ||     2
         Lightning rod     |       |       |       |       |     4 |       ||     4
         Sack of spiders   |       |       |       |       |     1 |     1 ||     2
    Use: Scroll            |       |       |       |    19 |    10 |     1 ||    30
         Potion            |       |       |       |     1 |       |     3 ||     4
 Armour: Robe              |    19 |       |       |       |       |       ||    19
         Ring mail         |    21 |     2 |       |       |       |       ||    23
         Chain mail        |       |    75 |   294 |   147 |       |       ||   516
         Scale mail        |       |     5 |       |       |       |       ||     5
         Acid dragon scale |       |       |       |    95 |       |       ||    95
         Troll leather arm |       |       |       |   203 |   595 |   113 ||   911
  Dodge: Dodged            |    30 |    46 |   162 |   261 |   508 |   108 ||  1115
  Block: Kite shield       |       |       |       |   316 |  1035 |   216 ||  1567
